 Dungeon Crawl Stone Soup version 0.29.1-2-gbd0b4ee654 (webtiles) character file.

Game seed: 2261618840062682185

46753 mortz the Thaumaturge (level 14, -25/66 HPs)
             Began as a Kobold Conjurer on Oct 27, 2022.
             Was a High Priest of Hepliaklqana.
             Hit by a large rock thrown by a cyclops (36 damage)
             ... on level 12 of the Dungeon on Oct 28, 2022.
             The game lasted 02:22:10 (27584 turns).

mortz the Thaumaturge (Kobold Conjurer)            Turns: 27584, Time: 02:22:10

Health: -25/66     AC: 12    Str:  4    XL:     14   Next: 78%
Magic:  40/40      EV: 14    Int: 25    God:    Hepliaklqana [*****.]
Gold:   2014       SH:  0    Dex: 13    Spells: 31/39 levels left

rFire   . . .      SeeInvis .   a - staff of conjuration
rCold   + . .      Faith    .   (shield currently unavailable)
rNeg    + . .      Spirit   .   K - +0 acid dragon scales
rPois   .          Reflect  .   (no helmet)
rElec   .          Harm     .   i - +2 cloak "Suhiadotz" {+Inv}
rCorr   +          Rampage  .   h - +2 pair of gloves
Will    +....                   (no boots)
Stlth   +++++.....              B - amulet of magic regeneration
HPRegen 0.21/turn               w - ring of magical power
MPRegen 0.67/turn               x - ring of Wuoss {rC+ rN+ Slay+4}

@: no status effects
A: reduced essence, small, no large weapons, nightstalker 3
a: Renounce Religion, Evoke Invisibility, Recall Ancestor, Ancestor Identity,
Transference, Idealise


You were on level 12 of the Dungeon.
You worshipped Hepliaklqana.
Hepliaklqana was extremely pleased with you.
You visited 3 branches of the dungeon, and saw 18 of its levels.

You collected 2166 gold pieces.
You spent 152 gold pieces at shops.

Inventory:

Hand Weapons
 b - a +2 dagger of venom
 p - a +1 vampiric dagger
 t - a +3 falchion of venom
 J - a +0 short sword of venom
Armour
 h - a +2 pair of gloves (worn)
 i - the +2 cloak "Suhiadotz" (worn) {+Inv}
   (You bought it in a shop on level 2 of the Dungeon)

   +Inv:      It lets you turn invisible.
 r - a +0 kite shield
 G - a scarf of shadows
 K - +0 acid dragon scales (worn)
Magical Staves
 a - a staff of conjuration (weapon)
Jewellery
 g - a +4 ring of slaying
 j - a ring of protection from cold
 k - a +6 ring of dexterity
 m - a ring of positive energy
 w - a ring of magical power (left hand)
 x - the ring of Wuoss (right hand) {rC+ rN+ Slay+4}
   (You found it on level 6 of the Dungeon)

   [ring of slaying]

   Slay:      It affects your accuracy & damage with ranged weapons and melee
   (+4).
   rC:        It protects you from cold.
   rN:        It protects you from negative energy.
 B - an amulet of magic regeneration (around neck)
 O - an amulet of reflection
 R - a +6 ring of intelligence
Wands
 A - a wand of charming (11)
 C - a wand of digging (5)
 E - a wand of flame (31)
 I - a wand of iceblast (8)
 T - a wand of mindburst (15)
Scrolls
 n - 5 scrolls of blinking
 o - 6 scrolls of fear
 q - 6 scrolls of teleportation
 y - 5 scrolls of amnesia
 z - 4 scrolls of magic mapping
 D - a scroll of silence
 L - a scroll of poison
 M - 3 scrolls of identify
 N - 2 scrolls of fog
Potions
 c - a potion of berserk rage
 d - 3 potions of ambrosia
 e - 9 potions of curing
 f - 2 potions of brilliance
 l - 3 potions of heal wounds
 s - 2 potions of cancellation
 u - a potion of flight
 v - 4 potions of haste
 F - a potion of mutation
 H - 3 potions of might
 Q - 2 potions of lignification
 S - 3 potions of attraction
 U - a potion of magic
Miscellaneous
 P - a phantom mirror
 V - a box of beasts


   Skills:
 + Level 3.2 Fighting
 + Level 4.0(4.1) Short Blades
 + Level 0.7(1.7) Long Blades
 + Level 2.1 Armour
 + Level 7.0 Dodging
 + Level 11.2 Stealth
 * Level 13.4 Spellcasting
 * Level 12.8 Conjurations
 + Level 0.7 Summonings
 * Level 9.0 Translocations
 + Level 6.0 Invocations
 * Level 9.9 Evocations


You had 31 spell levels left.
You knew the following spells:

 Your Spells              Type           Power      Damage    Failure   Level
a - Magic Dart            Conj           100%       1d8       1%          1
b - Searing Ray           Conj           100%       2d8       1%          2
c - Summon Small Mammal   Summ           80%        N/A       6%          1
i - Iskenderun's Mystic   Conj/Tloc      82%        2d16      1%          4

Your spell library contained the following spells:

 Spells                   Type           Power      Damage    Failure   Level
 Shock                    Conj/Air       100%       1d9       1%          1
 Blink                    Tloc           100%       N/A       1%          2
 Static Discharge         Conj/Air       65%        3-12/arc  1%          2
 Dazzling Flash           Conj/Hex       100%       N/A       1%          3
 Gell's Gravitas          Tloc           58%        N/A       1%          3
 Lesser Beckoning         Tloc           58%        N/A       1%          3
 Teleport Other           Tloc           58%        N/A       1%          3
 Passage of Golubria      Tloc           58%        N/A       1%          4
 Portal Projectile        Hex/Tloc       78%        N/A       3%          3
 Manifold Assault         Tloc           58%        N/A       5%          5
 Fulminant Prism          Conj/Hex       32%        3d16      6%          4
 Lightning Bolt           Conj/Air       32%        1d50      16%         5
 Call Canine Familiar     Summ           20%        N/A       19%         3
 Summon Guardian Golem    Hex/Summ       18%        N/A       22%         3
 Frozen Ramparts          Ice            32%        1d5       24%         3
 Tukima's Dance           Hex            16%        N/A       24%         3
 Dispersal                Tloc           29%        N/A       30%         6
 Summon Ice Beast         Ice/Summ       18%        N/A       56%         4
 Summon Lightning Spire   Summ/Air       18%        N/A       56%         4
 Airstrike                Air            8%         2d(2-18)  63%         4
 Ice Form                 Ice/Tmut       16%        N/A       63%         4
 Leda's Liquefaction      Hex/Erth       8%         N/A       63%         4
 Yara's Violent Unravell  Hex/Tmut       8%         3d5       92%         5
 Storm Form               Tmut/Air       8%         N/A       100%        7
 Maxwell's Capacitive Co  Air            8%         ∞         100%        8


Dungeon Overview and Level Annotations

Branches:
Dungeon (12/15) Zot: 26628  Temple (1/1) D:4 Zot: 5700    Lair (5/5) D:11 Zot: 20063
 Shoals (0/4) Lair:2       Spider (0/4) Lair:3        Slime (0/5) Lair:5
    Orc (0/2) D:9

Altars:
Ashenzari
Cheibriados
Dithmenos
Elyvilon
Fedhas
Gozag
Hepliaklqana
Kikubaaqudgha
Makhleb
Nemelex Xobeh
Okawaru
Qazlal
Ru
Sif Muna
Trog
Uskayaw
Vehumet
Wu Jian
Xom
Yredelemnul
Zin
The Shining One
Jiyva

Shops:
D:2 [   D:9 (

Annotations:
D:8 1 runed translucent door
D:12 Rupert


Innate Abilities, Weirdness & Mutations

Your life essence is reduced to manifest your ancestor. (-10% HP)
You are small and have problems with some larger weapons.
You are completely attuned to the shadows.


Message History

The war gargoyle hits you with a +0 flail!
Glurtz hits the war gargoyle but does no damage.
The war gargoyle hits glurtz with a +0 flail!
Rupert the Wild comes into view.
He is wielding a +3 great sword of holy wrath and wearing a +1 leather armour of poison resistance.
Glurtz hits the war gargoyle with a +0 flail.
The war gargoyle hits glurtz but does no damage.
Glurtz hits the war gargoyle but does no damage.
The war gargoyle hits glurtz with a +0 flail!
Glurtz blocks the war gargoyle's attack.
Glurtz hits the war gargoyle with a +0 flail!
You see here a scroll of fear.
As you read the scroll of teleportation, it crumbles to dust.
You feel strangely unstable.
The war gargoyle hits glurtz but does no damage.
Glurtz barely misses the war gargoyle.
o - 6 scrolls of fear (gained 1)
The war gargoyle hits glurtz with a +0 flail.
Rupert roars madly and goes into a rage!
Rupert goes berserk!
The war gargoyle hits glurtz but does no damage.
Glurtz hits the war gargoyle with a +0 flail.
You are too injured to fight recklessly!
Aiming: Searing Ray (safe; 1% risk of failure)
Press: ? - help, Q - select action, (/) - cycle Shift-Dir - straight line, f - Rupert
Aim: Rupert, wielding a +3 great sword of holy wrath and wearing a +1 leather armour of poison resistance (berserk, 83% to hit)
You feel a surge of power!
The searing ray hits Rupert!
Rupert is lightly wounded. (Press . to maintain the ray.)
The war gargoyle launches metal splinters at you.
The spray of metal splinters hits you!!
* * * LOW HITPOINT WARNING * * *
Glurtz hits the war gargoyle with a +0 flail.
Glurtz hits the war gargoyle but does no damage.
Your surroundings suddenly seem different.
A cyclops and a vampire come into view.
Found 20 gold pieces.
You hear a shout!
The cyclops throws a large rock.
The large rock hits you!!!
Ouch! That really hurt!
You die...

..9..# ..R..#
......#
##....#....
####... ##.....
.... ... #.....#
....
.####.....##....
............V...
........C.....$.
....@...........
########+###....
.... ....# ....#
....# ....+


You could see a cyclops.

Vanquished Creatures
  A dire elephant (Lair:5)
  Josephine (D:10)
  A boulder beetle (D:11)
  3 hydras
  3 death yaks (Lair:5)
  Urug (Lair:3)
  Nergalle (D:10)
  Pikel (D:9)
  2 manticores
  A salamander (shapeshifter) (D:11)
  4 black mambas
  5 elephants
  A gargoyle (D:10)
  2 cane toads (Lair:5)
  6 komodo dragons
  An unseen horror zombie (D:9)
  3 rime drakes
  2 polar bears (Lair:5)
  A wind drake (Lair:2)
  17 blink frogs
  2 shadows
  6 wraiths
  32 yaks
  2 basilisks
  A redback (Lair:3)
  A steam dragon (D:7)
  2 vampire mosquitoes (D:11)
  2 acid dragons
  9 water moccasins
  2 ice beasts (D:6)
  2 sky beasts
  3 black bears
  8 centaurs
  2 ogres
  13 wolves
  2 kobold brigands
  10 bullfrogs
  2 gnoll sergeants
  6 scorpions
  10 killer bees
  3 electric eels
  3 howler monkeys
  2 centaur zombies (D:9)
  2 hounds
  3 jellies
  A gnoll bouda (D:10)
  Jessica (D:3)
  4 iguanas
  7 orc wizards
  A killer bee zombie (D:9)
  3 howler monkey zombies (D:9)
  12 gnolls
  3 adders
  2 white imps
  3 worms
  2 dart slugs (D:3)
  27 orcs
  15 endoplasms
  5 giant cockroaches
  9 goblins
  7 hobgoblins
  7 quokkas
  10 ball pythons
  8 bats
  6 frilled lizards
  10 kobolds
  8 rats
338 creatures vanquished.

Vanquished Creatures (collateral kills)
  2 hydras
  2 boulder beetles
  A catoblepas (Lair:5)
  Erolcha (D:10)
  A two-headed ogre (D:12)
  A deep troll shaman (Lair:5)
  An ugly thing (D:11)
  2 cyclopes
  An elephant (Lair:3)
  A black mamba (Lair:1)
  5 cane toads
  An unseen horror (D:10)
  2 komodo dragons
  4 rime drakes
  An unseen horror zombie (D:9)
  2 trolls (D:10)
  4 blink frogs
  A hornet (D:8)
  2 shadows
  A wraith (D:10)
  11 yaks
  2 redbacks (Lair:3)
  2 basilisks
  2 sky beasts (D:7)
  An orc warrior (D:10)
  5 wolves
  A centaur (D:7)
  A lemure (D:9)
  A kobold brigand (D:8)
  A necrophage (D:8)
  5 bullfrogs
  A wyvern zombie (D:9)
  2 scorpions (D:8)
  3 killer bees
  A howler monkey (D:8)
  A centaur zombie (D:9)
  2 orc wizards (D:10)
  An orc (D:9)
  A giant cockroach (D:2)
  4 kobolds
  2 butterflies (D:8)
86 creatures vanquished.

Vanquished Creatures (others)
  7 knights
  An ancestor (D:8)
  23 fungi
  85 plants
116 creatures vanquished.

Grand Total: 540 creatures vanquished

Notes
Turn   | Place    | Note
-------+----------+-------------------------------------------
     0 | D:1      | mortz the Kobold Conjurer began the quest for the Orb.
     0 | D:1      | Reached XP level 1. HP: 10/10 MP: 3/3
   194 | D:1      | Reached XP level 2. HP: 14/15 MP: 0/5
   471 | D:1      | Learned a level 2 spell: Searing Ray
   606 | D:1      | Reached XP level 3. HP: 18/19 MP: 2/6
  1327 | D:2      | Reached XP level 4. HP: 24/24 MP: 2/7
  1349 | D:2      | Learned a level 1 spell: Summon Small Mammal
  1587 | D:2      | Found Zuylasev's Antique Armour Shoppe.
  1603 | D:2      | Bought a distressingly furry cloak for 152 gold pieces
  1603 | D:2      | Identified the +2 cloak "Suhiadotz" {+Inv} (You bought it
                  | in a shop on level 2 of the Dungeon)
  2031 | D:2      | Found a faded altar of an unknown god.
  2175 | D:3      | Found a shadowy altar of Dithmenos.
  2369 | D:3      | Reached skill level 1 in Short Blades
  2622 | D:3      | Reached XP level 5. HP: 28/28 MP: 1/9
  3180 | D:3      | Found an iron altar of Okawaru.
  3213 | D:3      | Found a bloodstained altar of Trog.
  3215 | D:3      | Noticed Jessica
  3244 | D:2      | Identified 2 scrolls of acquirement
  3244 | D:2      | Acquired a staff of conjuration
  3249 | D:2      | Acquired 1103 gold pieces
  3362 | D:3      | Killed Jessica
  3391 | D:3      | Found a shimmering blue altar of Sif Muna.
  3395 | D:3      | Got Sif Muna's Handbook of the Tuna
  3457 | D:4      | Reached skill level 3 in Spellcasting
  3494 | D:4      | Reached skill level 1 in Translocations
  3511 | D:4      | Reached skill level 5 in Stealth
  3511 | D:4      | Reached XP level 6. HP: 31/32 MP: 6/10
  3763 | D:4      | Reached skill level 5 in Conjurations
  4053 | D:3      | Found a shadowy altar of Dithmenos.
  4232 | D:3      | Reached skill level 1 in Evocations
  4597 | D:3      | Found an iron altar of Okawaru.
  4625 | D:3      | Found a bloodstained altar of Trog.
  4629 | D:3      | Found a shimmering blue altar of Sif Muna.
  5147 | D:4      | Reached XP level 7. HP: 24/36 MP: 3/11
  5251 | D:4      | Reached skill level 1 in Fighting
  5358 | D:4      | Found a staircase to the Ecumenical Temple.
  5369 | Temple   | Entered the Ecumenical Temple
  5558 | Temple   | Became a worshipper of Hepliaklqana the Forgotten
  5652 | D:4      | Found an opulent altar of Gozag.
  6134 | D:4      | Found a staircase to the Ecumenical Temple.
  6347 | D:4      | Found an opulent altar of Gozag.
  6429 | D:5      | Entered Level 5 of the Dungeon
  6603 | D:5      | Reached skill level 4 in Spellcasting
  6636 | D:5      | Reached XP level 8. HP: 27/43 MP: 4/14
  8101 | D:6      | Reached skill level 5 in Spellcasting
  8255 | D:5      | Reached XP level 9. HP: 37/48 MP: 4/17
  8388 | D:6      | Identified the ring of Wuoss {rC+ rN+ Slay+4}
  8476 | D:6      | Found a snail-covered altar of Cheibriados.
  8717 | D:6      | Reached * piety under Hepliaklqana
  8833 | D:6      | Reached skill level 6 in Spellcasting
  9565 | D:6      | Found a snail-covered altar of Cheibriados.
  9965 | D:7      | Found a sparkling altar of Nemelex Xobeh.
 10175 | D:7      | Learned a level 4 spell: Iskenderun's Mystic Blast
 10324 | D:7      | Reached skill level 7 in Spellcasting
 10453 | D:7      | Reached XP level 10. HP: 47/47 MP: 18/20
 10651 | D:7      | Found a shimmering altar of Xom.
 10788 | D:7      | Found a shimmering altar of Xom.
 11014 | D:7      | Found a sparkling altar of Nemelex Xobeh.
 11317 | D:8      | Found a broken altar of Ashenzari.
 11375 | D:8      | Reached ** piety under Hepliaklqana
 11376 | D:8      | Remembered your ancestor glurtz as a knight
 11398 | D:8      | Reached skill level 5 in Evocations
 11808 | D:8      | Reached skill level 8 in Spellcasting
 12023 | D:8      | Found a sacrificial altar of Ru.
 12051 | D:8      | Reached skill level 5 in Dodging
 12071 | D:8      | Found a runed translucent door.
 12084 | D:8      | Found a runed translucent door.
 12715 | D:8      | Reached skill level 5 in Translocations
 12866 | D:9      | Found Utirgh's Weapon Shop.
 12900 | D:9      | Noticed Pikel
 12907 | D:9      | Killed Pikel
 12993 | D:9      | Noticed a cyclops
 12994 | D:9      | Reached XP level 11. HP: 52/52 MP: 19/23
 13012 | D:9      | Killed a cyclops
 13030 | D:9      | Reached skill level 9 in Spellcasting
 13077 | D:9      | Found a hide-covered altar of Uskayaw.
 13077 | D:9      | Found a radiant altar of Vehumet.
 13341 | D:9      | Found a basalt altar of Yredelemnul.
 13436 | D:9      | Reached *** piety under Hepliaklqana
 13444 | D:9      | Found a staircase to the Orcish Mines.
 13715 | D:10     | Entered Level 10 of the Dungeon
 13764 | D:10     | Noticed a cyclops
 13771 | D:10     | Killed a cyclops
 14172 | D:10     | Noticed Nergalle
 14185 | D:10     | Killed Nergalle
 14540 | D:10     | Noticed Josephine
 14549 | D:10     | Killed Josephine
 14550 | D:10     | Reached skill level 10 in Spellcasting
 14665 | D:10     | Noticed Erolcha
 14671 | D:10     | Killed Erolcha
 14750 | D:10     | Reached XP level 12. HP: 57/57 MP: 21/26
 14951 | D:10     | Found a burning altar of Makhleb.
 15204 | D:11     | Found a staircase to the Lair.
 15237 | D:11     | Reached skill level 10 in Conjurations
 15262 | D:11     | Noticed a boulder beetle
 15282 | D:11     | Killed a boulder beetle
 15592 | D:11     | Noticed a boulder beetle
 15601 | D:11     | Killed a boulder beetle
 16103 | D:11     | Reached **** piety under Hepliaklqana
 16155 | D:11     | Reached skill level 11 in Spellcasting
 16702 | D:11     | Found a staircase to the Lair.
 17262 | Lair:1   | Entered Level 1 of the Lair of Beasts
 17485 | Lair:1   | Reached skill level 10 in Stealth
 17549 | Lair:1   | Reached skill level 1 in Invocations
 17705 | Lair:1   | Noticed a six-headed hydra
 17712 | Lair:1   | Killed a six-headed hydra
 18792 | Lair:2   | Reached XP level 13. HP: 58/61 MP: 15/28
 18831 | Lair:2   | Found a hide-covered altar of Uskayaw.
 18961 | Lair:2   | Noticed a five-headed hydra
 19398 | Lair:2   | Found a staircase to the Shoals.
 19971 | Lair:2   | Killed a five-headed hydra
 19972 | Lair:2   | Reached skill level 12 in Spellcasting
 20299 | Lair:3   | Found a hole to the Spider Nest.
 20568 | Lair:3   | Noticed Urug
 20577 | Lair:3   | Killed Urug
 21484 | Lair:4   | Reached ***** piety under Hepliaklqana
 22421 | Lair:4   | Reached skill level 5 in Invocations
 23850 | Lair:5   | Entered Level 5 of the Lair of Beasts
 23906 | Lair:5   | Reached XP level 14. HP: 66/66 MP: 27/30
 24001 | Lair:5   | Reached skill level 1 in Armour
 24774 | Lair:5   | Reached skill level 13 in Spellcasting
 25004 | Lair:5   | Found a viscous altar of Jiyva.
 25004 | Lair:5   | Found a staircase to the Slime Pits.
 26218 | Lair:5   | Noticed a dire elephant
 26232 | Lair:5   | Killed a dire elephant
 26667 | Lair:5   | Found a viscous altar of Jiyva.
 26667 | Lair:5   | Found a staircase to the Slime Pits.
 27267 | D:12     | Noticed a war gargoyle
 27269 | D:12     | HP: 3/66 [war gargoyle/spray of metal splinters (63)]
 27570 | D:12     | Noticed Rupert
 27584 | D:12     | Hit by a large rock thrown by a cyclops

Illustrated notes

Levels and vault maps discovered:
D:1:      nzn_arrival_depleted_hourglass, layout_rooms, minmay_lizard_pond
D:2:      layout_rooms, shapermc_ecumenical_altar_flowoftime, serial_shops,
          shop, minmay_randomly_rotated_circles
D:3:      layout_rooms, nzn_overflow_gifts_of_might_and_magic,
          nicolae_dithmenos_shadow_blocks, kennysheep_okawaru_gauntlet,
          grunt_ministairs_2, serial_bayou_lagoon_a,
          hangedman_abyss_or_decor_stabs
D:4:      layout_cave_pools, grunt_gozag_breadcrumbs, temple_green
D:5:      layout_rooms, minmay_misc_feat_diagonals
D:6:      layout_loops_cross, nicolae_overflow_crystal_walls
D:7:      layout_rooms, nemelex_spade_bored_becter,
          mainiacjoe_overflow_tiny_flanked, nicolae_ossuary_entry_plus
D:8:      lemuel_insect_pit, layout_basic, grunt_temple_overflow_open
D:9:      layout_stronghold, nicolae_yredelemnul_corpse_copse,
          nicolae_overflow_two_pavilions, orc_0_dummy, serial_shops,
          kennysheep_mini_moat, uniq_pikel
D:10:     layout_basic, mainiacjoe_overflow_brackets,
          kennysheep_decorative_pillar, st_stairs_8, uniq_nergalle,
          uniq_josephine, uniq_erolcha
D:11:     layout_stronghold, lair_entry_dummy
D:12:     minmay_roctagon, layout_gridville, gauntlet_entry_generic, uniq_lodul,
          uniq_gastronok, uniq_rupert
Temple:   nicolae_temple_godpark
Lair:1:   layout_cave_pods, serial_bayou_shore_b
Lair:2:   layout_misc_corridors, minmay_shoals_entry_beasts, basic_altar,
          nicolae_quartered_pool_super, grunt_megastairs_5
Lair:3:   layout_gridlike, spider_nest_entry_a, infiniplex_staircase_pool,
          serial_bayou_shore_a, serial_bayou_shore_b, lemuel_fruit_fields,
          uniq_urug
Lair:4:   layout_cave_pods
Lair:5:   grunt_lair_end_beastmaster, layout_gridlike,
          nicolae_slime_entry_slimehenge, grunt_megastairs_4, lemuel_fruit_tree

Skill      XL: |  1  2  3  4  5  6  7  8  9 10 11 12 13 14 |
---------------+-------------------------------------------+-----
Stealth        | 3 5 6 7 8 9 10 11 | 11.2
Short Blades   | 1 2 3 4 |  4.0
Spellcasting   | 3 4 5 7 8 10 11 12 13 | 13.4
Translocations | 1 2 3 4 5 6 7 8 9 |  9.0
Conjurations   | 5 6 8 9 11 12 | 12.8
Evocations     | 1 2 3 4 6 7 8 9 |  9.9
Fighting       | 1 2 3 |  3.2
Dodging        | 3 4 5 6 7 |  7.0
Invocations    | 2 5 6 |  6.0
Armour         | 2 |  2.1
Long Blades    | |  0.7
Summonings     | |  0.7

Action                   |  1- 3 |  4- 6 |  7- 9 | 10-12 | 13-15 || total
-------------------------+-------+-------+-------+-------+-------++-------
Melee: Dagger            |    17 |    23 |     4 |    10 |    20 ||    74
       Falchion          |       |       |     5 |     4 |       ||     9
       Staff             |       |       |     1 |       |       ||     1
 Cast: Magic Dart        |    41 |    22 |       |       |       ||    63
       Searing Ray       |     5 |    29 |    50 |   115 |   131 ||   330
       Summon Small Mamm |       |     2 |       |       |       ||     2
       Iskenderun's Myst |       |       |       |    28 |    62 ||    90
Invok: Ancestor Identity |       |       |     1 |       |       ||     1
       Recall Ancestor   |       |       |       |     1 |     2 ||     3
       Ancestor Life: Kn |       |       |       |     1 |       ||     1
Evoke: Wand              |       |       |       |     2 |       ||     2
  Use: Scroll            |     5 |     6 |    10 |     9 |     6 ||    36
       Potion            |     1 |     1 |       |     1 |     2 ||     5
 Stab: Sleeping          |    10 |    12 |     9 |     9 |    17 ||    57
       Distracted        |       |       |       |       |     1 ||     1
Armor: Robe              |    10 |    12 |    24 |       |       ||    46
       Steam dragon scal |       |       |     2 |    33 |    10 ||    45
       Acid dragon scale |       |       |       |       |    28 ||    28
Dodge: Dodged            |    35 |    42 |    68 |    95 |    98 ||   338
